 Dungeon Crawl Stone Soup version 0.30-a0-263-ge22c4ad894 (webtiles) character file.

Game seed: 13116059031114265043

1147 NinjaNoafa the Nimble (level 8, 0/87 HPs)
             Began as a Gnoll Wanderer on Oct 13, 2022.
             Was an Initiate of Fedhas.
             Succumbed to a water moccasin's poison
             ... on level 6 of the Dungeon.
             The game lasted 00:12:02 (4372 turns).

NinjaNoafa the Nimble (Gnoll Wanderer)              Turns: 4372, Time: 00:12:02

Health: 0/87       AC:  7    Str: 10    XL:     8   Next: 38%
Magic:  3/14       EV: 16    Int: 14    God:    Fedhas [......]
Gold:   301        SH:  0    Dex: 13    Spells: 14/15 levels left

rFire   . . .      SeeInvis .    g - +2 dagger (drain)
rCold   . . .      Faith    +    (no shield)
rNeg    . . .      Spirit   .    d - +2 leather armour
rPois   .          Reflect  .    m - +0 helmet
rElec   .          Harm     .    w - +0 cloak
rCorr   .          Rampage  .    (no gloves)
Will    .....                    (no boots)
Stlth   ..........               k - amulet of faith
HPRegen 0.34/turn                (no ring)
MPRegen 0.14/turn                (no ring)

@: berserking, lethally poisoned (0 -> -17), very quick
A: fangs 1, strong nose, distributed training
a: Renounce Religion


You were on level 6 of the Dungeon.
You worshipped Fedhas.
Fedhas was noncommittal.
You visited 1 branch of the dungeon, and saw 6 of its levels.

You collected 301 gold pieces.

Inventory:

Hand Weapons
 g - a +2 dagger of draining (weapon)
Missiles
 n - 2 poisoned darts
 o - 32 stones
 A - 2 boomerangs
Armour
 d - a +2 leather armour (worn)
 f - an orb of guile
 m - a +0 helmet (worn)
 w - a +0 cloak (worn)
Magical Staves
 x - a staff of cold
Jewellery
 k - an amulet of faith (around neck)
 r - a ring of ice
Wands
 q - a wand of light (2)
 s - a wand of mindburst (15)
 D - a wand of iceblast (13)
Scrolls
 b - 4 scrolls of fog
 i - 7 scrolls of identify {unknown}
 l - 2 scrolls of vulnerability {unknown}
 p - a scroll of torment {unknown}
 u - 2 scrolls of poison {unknown}
 y - a scroll of blinking {unknown}
 z - a scroll of amnesia {unknown}
Potions
 c - a potion of attraction
 e - a potion of berserk rage
 j - a potion of curing {unknown}
 t - a potion of invisibility {unknown}
 v - a potion of magic {unknown}
 B - a potion of degeneration {unknown}
 C - a potion of haste {unknown}
 E - a potion of lignification {unknown}


   Skills:
 + Level 3.3 Fighting
 + Level 3.3 Short Blades
 + Level 3.3 Long Blades
 + Level 3.3 Axes
 + Level 3.3 Maces & Flails
 + Level 3.3 Polearms
 + Level 3.3 Staves
 + Level 3.3 Ranged Weapons
 + Level 3.3 Throwing
 + Level 3.3 Armour
 + Level 11.0 Dodging
 + Level 3.3 Stealth
 + Level 3.3 Shields
 + Level 3.3 Unarmed Combat
 + Level 4.4 Spellcasting
 + Level 2.7 Conjurations
 + Level 2.7 Hexes
 + Level 2.7 Summonings
 + Level 2.7 Necromancy
 + Level 2.7 Translocations
 + Level 2.7 Transmutations
 + Level 2.7 Fire Magic
 + Level 2.7 Ice Magic
 + Level 2.7 Air Magic
 + Level 7.7 Earth Magic
 + Level 2.7 Poison Magic
 + Level 3.7 Invocations
 + Level 3.3 Evocations


You had 14 spell levels left.
You knew the following spells:

 Your Spells              Type           Power      Damage    Failure   Level
a - Sandblast             Erth           48%        2d12      1%          1

Your spell library contained the following spells:

 Spells                   Type           Power      Damage    Failure   Level
 Magic Dart               Conj           40%        1d5       8%          1
 Stone Arrow              Conj/Erth      34%        3d9       9%          3
 Call Imp                 Summ           10%        N/A       12%         2
 Inner Flame              Hex/Fire       10%        N/A       24%         3
 Mephitic Cloud           Conj/Pois/Air  10%        N/A       24%         3
 Flame Wave               Conj/Fire      10%        2d6       61%         4
 Sticky Flame             Conj/Fire      10%        2d3       61%         4


Dungeon Overview and Level Annotations

Branches:
Dungeon (6/15)
 Temple: D:4-7

Altars:
Cheibriados
Fedhas
Hepliaklqana


Innate Abilities, Weirdness & Mutations

You have very sharp teeth.
Your uncanny sense of smell can sniff out nearby items.
Your experience applies equally to all skills.


Message History

The centaur closely misses you. The centaur kicks you.
* * * LOW HITPOINT WARNING * * *
A water moccasin comes into view.
The centaur wields a +0 shortbow.
The centaur shoots an arrow.
The arrow misses you.
As you read the scroll labelled ULEEFF HEAGU, it crumbles to dust.
It is a scroll of enchant weapon.
Your +1 dagger of draining glows red for a moment.
The centaur unwields a +0 shortbow.
The centaur hits you but does no damage.
The centaur kicks you but does no damage.
The water moccasin hisses angrily.
You hit the centaur. You bite the centaur.
The centaur is moderately wounded.
The centaur closely misses you. The centaur barely misses you.
The centaur completely misses you. The centaur misses you.
The water moccasin completely misses you.
The centaur completely misses you. The centaur barely misses you.
It was a potion of berserk rage.
A red film seems to cover your vision as you go berserk!
You feel yourself moving faster!
You feel mighty! The centaur completely misses you.
The centaur barely misses you.
The water moccasin bites you but does no damage.
The water moccasin barely misses you. The centaur hits you.
* * * LOW HITPOINT WARNING * * *
The centaur closely misses you.
You hit the centaur. You drain the centaur.
The centaur is heavily wounded.
You hit the centaur. You drain the centaur.
The centaur is severely wounded.
The centaur hits you but does no damage.
The centaur misses you. The water moccasin bites you.
* * * LOW HITPOINT WARNING * * *
You are lethally poisoned!
The water moccasin poisons you!
You are too berserk!
You puncture the water moccasin!
The water moccasin is heavily wounded.
You die...
Fedhas appreciates your contribution to the ecosystem.

#..#....#.#
#
##c##....##
#.#######
#.)......∆
#.#######
#.##§.§.##
#.#§§§§#§#
#...#§§§§#
#####c@§§.S#
#§S§§.##
#§§§§..#
#§§###...
.### #. #


You could see a water moccasin and a centaur (very drained).

Vanquished Creatures
  An ice beast (D:5)
  A black bear (D:6)
  2 centaurs (D:6)
  A phantom (D:5)
  2 necrophages
  A scorpion (D:4)
  A howler monkey (D:5)
  A hound (D:5)
  A jelly (D:4)
  5 iguanas
  4 orc wizards
  7 adders
  7 gnolls
  3 worms (D:2)
  3 dart slugs
  5 orcs
  6 endoplasms
  2 giant cockroaches
  8 hobgoblins
  5 jackals
  6 kobolds
  2 quokkas (D:1)
  8 ball pythons
  6 bats
  4 frilled lizards
  5 goblins
  7 rats
104 creatures vanquished.

Notes
Turn   | Place    | Note
-------+----------+-------------------------------------------
     0 | D:1      | Reached skill level 10 in Dodging
     0 | D:1      | NinjaNoafa the Gnoll Wanderer began the quest for the Orb.
     0 | D:1      | NinjaNoafa set off with the following items: a +0 dagger, a
                  | scroll of fog, a potion of attraction, a +2 leather armour;
                  | and the following spell memorised: Sandblast; and the
                  | following spells available to memorise: Stone Arrow.
     0 | D:1      | Reached XP level 1. HP: 13/13 MP: 4/4
   177 | D:1      | Reached XP level 2. HP: 11/19 MP: 0/5
   948 | D:1      | Reached XP level 3. HP: 25/25 MP: 5/7
  1278 | D:2      | Reached skill level 1 in Invocations
  1309 | D:2      | Found a faded altar of an unknown god.
  1320 | D:2      | Reached skill level 1 in Fighting
  1320 | D:2      | Reached skill level 1 in Short Blades
  1320 | D:2      | Reached skill level 1 in Long Blades
  1320 | D:2      | Reached skill level 1 in Axes
  1320 | D:2      | Reached skill level 1 in Maces & Flails
  1320 | D:2      | Reached skill level 1 in Polearms
  1320 | D:2      | Reached skill level 1 in Staves
  1320 | D:2      | Reached skill level 1 in Ranged Weapons
  1320 | D:2      | Reached skill level 1 in Throwing
  1320 | D:2      | Reached skill level 1 in Armour
  1320 | D:2      | Reached skill level 1 in Stealth
  1320 | D:2      | Reached skill level 1 in Shields
  1320 | D:2      | Reached skill level 1 in Unarmed Combat
  1320 | D:2      | Reached skill level 1 in Evocations
  1639 | D:2      | Reached XP level 4. HP: 32/32 MP: 3/8
  1804 | D:2      | Reached skill level 1 in Conjurations
  1804 | D:2      | Reached skill level 1 in Hexes
  1804 | D:2      | Reached skill level 1 in Summonings
  1804 | D:2      | Reached skill level 1 in Necromancy
  1804 | D:2      | Reached skill level 1 in Translocations
  1804 | D:2      | Reached skill level 1 in Transmutations
  1804 | D:2      | Reached skill level 1 in Fire Magic
  1804 | D:2      | Reached skill level 1 in Ice Magic
  1804 | D:2      | Reached skill level 1 in Air Magic
  1804 | D:2      | Reached skill level 1 in Poison Magic
  2112 | D:3      | Reached XP level 5. HP: 35/37 MP: 2/9
  2686 | D:4      | Reached XP level 6. HP: 22/44 MP: 2/11
  2960 | D:4      | Found a snail-covered altar of Cheibriados.
  3106 | D:4      | Found a hazy altar of Hepliaklqana.
  3259 | D:5      | Entered Level 5 of the Dungeon
  3320 | D:5      | Reached XP level 7. HP: 45/50 MP: 4/12
  4003 | D:5      | Found a blossoming altar of Fedhas.
  4108 | D:5      | Became a worshipper of Fedhas Madash
  4152 | D:6      | Reached XP level 8. HP: 10/58 MP: 8/14
  4360 | D:6      | Reached skill level 11 in Dodging
  4371 | D:6      | HP: 3/87 [water moccasin (4)]
  4372 | D:6      | Succumbed to a water moccasin's poison

Illustrated notes

Levels and vault maps discovered:
D:1:      wander_arrival_peaceful_grave, layout_basic, minivault_19,
          minivault_27
D:2:      layout_rooms, hellmonk_ecumenical_altar_pennies_from_heaven
D:3:      layout_rooms, kennysheep_generic_room_10
D:4:      layout_rooms, mainiacjoe_overflow_alcove_4, cheibriados_altar_1,
          serial_glass, glass_columns_a, glass_columns_c
D:5:      layout_basic, mainiacjoe_overflow_catwalk
D:6:      layout_cave_pods, zin_scriptorium, okawaru_ov_weapons_minmay,
          mainiacjoe_overflow_surrounded_room,
          mainiacjoe_overflow_small_starburst, minmay_manual_monstrance,
          uniq_pikel, uniq_crazy_yiuf_cottage

Skill      XL: |  1  2  3  4  5  6  7  8 |
---------------+-------------------------+-----
Dodging        | 11 | 11.0
Invocations    | 1 2 3 |  3.7
Fighting       | 1 2 3 |  3.3
Short Blades   | 1 2 3 |  3.3
Long Blades    | 1 2 3 |  3.3
Axes           | 1 2 3 |  3.3
Maces & Flails | 1 2 3 |  3.3
Polearms       | 1 2 3 |  3.3
Staves         | 1 2 3 |  3.3
Ranged Weapons | 1 2 3 |  3.3
Throwing       | 1 2 3 |  3.3
Armour         | 1 2 3 |  3.3
Stealth        | 1 2 3 |  3.3
Shields        | 1 2 3 |  3.3
Unarmed Combat | 1 2 3 |  3.3
Evocations     | 1 2 3 |  3.3
Spellcasting   | 3 4 |  4.4
Conjurations   | 1 2 |  2.7
Hexes          | 1 2 |  2.7
Summonings     | 1 2 |  2.7
Necromancy     | 1 2 |  2.7
Translocations | 1 2 |  2.7
Transmutations | 1 2 |  2.7
Fire Magic     | 1 2 |  2.7
Ice Magic      | 1 2 |  2.7
Air Magic      | 1 2 |  2.7
Poison Magic   | 1 2 |  2.7
Earth Magic    | |  7.7

Action                   |  1- 3 |  4- 6 |  7- 9 || total
-------------------------+-------+-------+-------++-------
Melee: Dagger            |    13 |    17 |    48 ||    78
       Punch             |     1 |       |     3 ||     4
       Bite              |     1 |     1 |     3 ||     5
 Cast: Sandblast         |    54 |    78 |    46 ||   178
  Use: Scroll            |       |       |     3 ||     3
       Potion            |       |       |     1 ||     1
Armor: Leather armour    |     7 |    24 |    20 ||    51
Dodge: Dodged            |    30 |    87 |    89 ||   206

Table legend: (Time is in decaauts)
 A = Elapsed time spent in this place.
 B = Non-inter-level travel time spent in this place.
 C = Inter-level travel time spent in this place.
 D = Time resting spent in this place.
 E = Time spent auto-exploring this place.
 F = Levels seen in this place.
 G = Mean time per level.
                   A        B        C        D        E       F      G
               +--------+--------+--------+--------+--------+-----+--------+
         Total |   4451 |   4212 |    239 |      0 |   3415 |   6 |  741.8 |
       Dungeon |   4451 |   4212 |    239 |      0 |   3415 |   6 |  741.8 |
               +--------+--------+--------+--------+--------+-----+--------+

Top non-repeatable levels by time:
     D:1: 1251 daAuts
     D:5: 889 daAuts
     D:4: 722 daAuts
     D:2: 697 daAuts
     D:3: 646 daAuts
     D:6: 244 daAuts
